 Dungeon Crawl Stone Soup version 0.28-a0-773-g130ae17fe5 (webtiles) character file.

Game seed: 8756817884850534450

13480 jasper the Grappler (level 11, -1/89 HPs)
             Began as a Demonspawn Cinder Acolyte on Nov 2, 2021.
             Was an Initiate of Kikubaaqudgha.
             Slain by an eight-headed hydra (6 damage)
             ... on level 1 of the Lair of Beasts.
             The game lasted 00:22:54 (17870 turns).

jasper the Grappler (Demonspawn Cinder Acolyte)    Turns: 17870, Time: 00:22:54

Health: -1/89      AC: 14    Str: 14    XL:     11   Next: 76%
Magic:  12/12      EV: 13    Int: 19    God:    Kikubaaqudgha [......]
Gold:   607        SH:  4    Dex:  9    Spells: 5/12 levels left

rFire   . . .      SeeInvis .     - Unarmed
rCold   + . .      Faith    .   D - +0 buckler
rNeg    . . .      Spirit   .   I - +0 acid dragon scales
rPois   .          Reflect  .   B - +2 hat
rElec   .          Harm     .   (no cloak)
rCorr   +          Rampage  .   (gloves unavailable)
Will    .....                   (no boots)
Stlth   +.........              (no amulet)
HPRegen 0.24/turn               d - ring of protection from cold
MPRegen 0.13/turn               E - +4 ring of protection

@: fire susceptible
A: spiny 1, sturdy frame 1, demonic magic 1, demonic touch 3
a: Renounce Religion


You were on level 1 of the Lair of Beasts.
You worshipped Kikubaaqudgha.
Kikubaaqudgha was noncommittal.
You visited 3 branches of the dungeon, and saw 13 of its levels.
You also visited: Ossuary.

You collected 691 gold pieces.
You spent 84 gold pieces at shops.

Inventory:

Missiles
 e - 199 stones
 l - 48 poisoned darts (quivered)
 w - 3 silver boomerangs
 y - 4 datura-tipped darts
Armour
 a - a +0 robe
 b - a +0 ring mail
 p - a +1 pair of gloves
 B - a +2 hat (worn)
 D - a +0 buckler (worn)
 H - a +0 scale mail
 I - +0 acid dragon scales (worn)
Jewellery
 d - a ring of protection from cold (left hand)
 t - a ring of protection from cold
 u - a ring of flight
 C - a ring of positive energy
 E - a +4 ring of protection (right hand)
Wands
 q - a wand of polymorph (21)
 r - a wand of paralysis (7)
 F - a wand of flame (13)
Scrolls
 c - 8 scrolls of teleportation
 m - 2 scrolls of silence
 n - 2 scrolls of fear
 o - 2 scrolls of vulnerability
 s - a scroll of blinking
 v - a scroll of immolation
Potions
 f - a potion of lignification
 g - 2 potions of haste
 i - 2 potions of flight
 j - a potion of brilliance
 k - 4 potions of curing
 z - a potion of attraction {unknown}
 G - a potion of ambrosia {unknown}
Miscellaneous
 h - a phantom mirror (inert)


   Skills:
 + Level 9.0 Fighting
 + Level 7.5 Armour
 + Level 7.5 Dodging
 + Level 3.8 Shields
 * Level 11.2 Unarmed Combat
 - Level 1.0 Spellcasting
 - Level 2.6 Fire Magic


You had 5 spell levels left.
You knew the following spells:

 Your Spells              Type           Power      Damage    Failure   Level
a - Blink                 Tloc           0%         N/A       30%         2
b - Ozocubu's Armour      Ice            0%         N/A       52%         3
c - Wereblood             Tmut           0%         N/A       30%         2

Your spell library contained the following spells:

 Spells                   Type           Power      Damage    Failure   Level
 Scorch                   Fire           22%        2d6       11%         2
 Beastly Appendage        Tmut           0%         N/A       21%         1
 Summon Small Mammal      Summ           0%         N/A       21%         1
 Call Canine Familiar     Summ           0%         N/A       52%         3
 Lesser Beckoning         Tloc           0%         N/A       52%         3
 Spider Form              Tmut/Pois      0%         N/A       52%         3
 Summon Guardian Golem    Hex/Summ       0%         N/A       52%         3
 Petrify                  Tmut/Erth      0%         N/A       90%         4
 Summon Ice Beast         Ice/Summ       0%         N/A       90%         4
 Manifold Assault         Tloc           0%         N/A       99%         5
 Metabolic Englaciation   Hex/Ice        0%         N/A       99%         5
 Summon Mana Viper        Hex/Summ       0%         N/A       99%         5
 Simulacrum               Ice/Necr       0%         N/A       100%        6
 Statue Form              Tmut/Erth      0%         N/A       100%        6
 Monstrous Menagerie      Summ           0%         N/A       100%        7


Dungeon Overview and Level Annotations

Branches:
Dungeon (11/15)            Temple (1/1) D:4            Lair (1/6) D:8
Ossuary (visited)
    Orc: D:9-12

Altars:
Ashenzari
Cheibriados
Dithmenos
Elyvilon
Fedhas
Gozag
Hepliaklqana
Kikubaaqudgha
Nemelex Xobeh
Okawaru
Ru
Uskayaw
Vehumet
Wu Jian
Yredelemnul
Zin
The Shining One

Shops:
D:4 *   D:9 *   D:11 [

Annotations:
D:4 2 transporters


Innate Abilities, Weirdness & Mutations

You are partially covered in sharp spines.
Your movements are slightly less encumbered by armour. (ER -2)
Spells you cast may paralyse adjacent enemies.
Your touch may irresistibly damage your foes and sap their willpower.


Message History

The eight-headed hydra bites you but does no damage.
The eight-headed hydra completely misses you.
The eight-headed hydra bites you! The eight-headed hydra misses you.
The eight-headed hydra bites you.
The eight-headed hydra closely misses you.
You take 19 damage, and have 48/89 hp.
MASSIVE DAMAGE!!
You punch the eight-headed hydra!
The eight-headed hydra is severely wounded.
You block the eight-headed hydra's attack.
The eight-headed hydra bites you! The eight-headed hydra bites you.
The eight-headed hydra barely misses you.
You block the eight-headed hydra's attack.
The eight-headed hydra barely misses you.
The eight-headed hydra closely misses you.
The eight-headed hydra completely misses you.
You take 11 damage, and have 37/89 hp.
You punch the eight-headed hydra!
The eight-headed hydra is severely wounded.
The eight-headed hydra bites you!
* * * LOW HITPOINT WARNING * * *
The eight-headed hydra bites you!
* * * LOW HITPOINT WARNING * * *
The eight-headed hydra misses you.
The eight-headed hydra barely misses you.
The eight-headed hydra misses you. The eight-headed hydra bites you.
* * * LOW HITPOINT WARNING * * *
The eight-headed hydra barely misses you.
You block the eight-headed hydra's attack.
You take 28 damage, and have 9/89 hp.
MASSIVE DAMAGE!!
You hit the eight-headed hydra but do no damage.
The eight-headed hydra is severely wounded.
The eight-headed hydra bites you but does no damage.
You block the eight-headed hydra's attack.
The eight-headed hydra barely misses you.
The eight-headed hydra bites you.
* * * LOW HITPOINT WARNING * * *
You block the eight-headed hydra's attack.
The eight-headed hydra bites you.
You die...
Kikubaaqudgha rasps: "You have failed me!
Welcome... death!"

###..........#
.............# #...
.....##......# #...
.....##......# #..#
.....##......# #..#
.....#.......# ...#
...†.##...#..# #..#
.....##..##..# #D.#
......#...#..###@.#
.....##...#.......#
.....#...##........#
.....##..
#..###....... .....#
#...# #........
.##..# ......
#..####.. ###<.#
....... ...# . #
#....♣...... ...# #
#...............#


You could see an eight-headed hydra.

Vanquished Creatures
  Gastronok (D:8)
  A two-headed ogre (D:9)
  A cyclops (D:11)
  An ugly thing (D:11)
  2 cane toads (Lair:1)
  A gargoyle (D:11)
  2 komodo dragons (Lair:1)
  2 shadows
  20 yaks
  14 fire elementals
  4 wraiths
  An acid dragon (D:10)
  2 water moccasins
  A hornet zombie (D:8)
  9 orc warriors
  3 ice beasts
  2 ogres (D:6)
  A necrophage (D:7)
  16 centaurs
  A phantom (D:4)
  A gnoll sergeant (D:9)
  5 bullfrogs
  2 water moccasin zombies (D:6)
  10 killer bees
  3 wights (Ossuary)
  4 howler monkeys
  5 centaur zombies
  2 hounds
  A centaur skeleton (D:4)
  4 orc priests
  4 jellies
  2 bullfrog skeletons (D:6)
  7 orc wizards
  2 gnoll shamans
  2 iguanas (D:6)
  13 gnolls
  10 adders
  An adder skeleton (D:4)
  An adder zombie (Ossuary)
  A worm (D:4)
  3 dart slugs
  56 orcs
  7 bats
  11 endoplasms
  7 giant cockroaches
  8 goblins
  6 hobgoblins
  6 jackals
  9 kobolds
  4 quokkas
  5 ball pythons
  2 ball python skeletons (Ossuary)
  3 frilled lizards
  2 hobgoblin zombies (Ossuary)
  An orc skeleton (Ossuary)
  2 orc zombies (Ossuary)
  10 rats
307 creatures vanquished.

Vanquished Creatures (others)
  An orc (D:9)
  139 foxfires
140 creatures vanquished.

Grand Total: 447 creatures vanquished

Notes
Turn   | Place    | Note
-------+----------+-------------------------------------------
     0 | D:1      | jasper the Demonspawn Cinder Acolyte began the quest for
                  | the Orb.
     0 | D:1      | Reached XP level 1. HP: 18/18 MP: 2/2
   135 | D:1      | Gained mutation: Your touch may inflict minor irresistible
                  | damage on your foes. [demonic ancestry]
   135 | D:1      | Reached XP level 2. HP: 10/24 MP: 3/3
   338 | D:1      | Reached skill level 3 in Unarmed Combat
   732 | D:1      | Reached XP level 3. HP: 29/29 MP: 4/4
  1207 | D:2      | Reached skill level 1 in Dodging
  1288 | D:2      | Reached skill level 1 in Armour
  2191 | D:2      | Gained mutation: You are partially covered in sharp spines.
                  | [demonic ancestry]
  2191 | D:2      | Reached XP level 4. HP: 26/35 MP: 5/5
  2676 | D:3      | Found a hide-covered altar of Uskayaw.
  3365 | D:3      | Gained mutation: Your movements are slightly less
                  | encumbered by armour. (ER -2) [demonic ancestry]
  3365 | D:3      | Reached XP level 5. HP: 42/42 MP: 6/6
  3817 | D:4      | Reached skill level 4 in Unarmed Combat
  4036 | D:4      | Noticed a phantom
  4041 | D:4      | Killed a phantom
  4057 | D:4      | Found a transporter.
  4059 | D:4      | Found Ibbow's Assorted Antiques.
  4062 | D:4      | Bought a scroll labelled XUXAPUNKADGH for 21 gold pieces
  4062 | D:4      | Bought a scroll labelled BOCVEG CULEISIN for 21 gold pieces
  4062 | D:4      | Bought a scroll labelled ORONIOLEORCH for 21 gold pieces
  4062 | D:4      | Bought a scroll labelled XUXAPUNKADGH for 21 gold pieces
  4320 | D:4      | Gained mutation: Your touch may inflict irresistible damage
                  | on your foes. [demonic ancestry]
  4320 | D:4      | Reached XP level 6. HP: 48/48 MP: 7/7
  4505 | D:4      | Learned a level 2 spell: Blink
  4532 | D:4      | Found a staircase to the Ecumenical Temple.
  4592 | D:4      | Found a transporter.
  4743 | D:5      | Entered Level 5 of the Dungeon
  4981 | D:5      | Noticed an ice beast
  4988 | D:5      | Killed an ice beast
  5723 | D:6      | Noticed a yak
  5723 | D:6      | Noticed a yak
  5723 | D:6      | Noticed a yak
  5730 | D:6      | Reached skill level 5 in Unarmed Combat
  5730 | D:6      | Reached XP level 7. HP: 50/55 MP: 8/8
  5733 | D:5      | Killed a yak
  5736 | D:5      | Killed a yak
  5749 | D:5      | Killed a yak
  5750 | D:5      | Reached skill level 5 in Fighting
  6072 | D:6      | Reached skill level 6 in Unarmed Combat
  6072 | D:6      | Reached XP level 8. HP: 60/62 MP: 9/9
  6738 | D:6      | Reached skill level 7 in Unarmed Combat
  7430 | D:7      | Found a sand-covered staircase.
  7453 | D:7      | Gained mutation: Spells you cast may paralyse adjacent
                  | enemies. [demonic ancestry]
  7453 | D:7      | Reached XP level 9. HP: 26/69 MP: 10/10
  7594 | Ossuary  | Entered an ossuary
  8185 | Ossuary  | Reached skill level 5 in Armour
  8185 | Ossuary  | Reached skill level 5 in Dodging
  8356 | D:7      | Reached skill level 8 in Unarmed Combat
  8851 | D:7      | Learned a level 3 spell: Ozocubu's Armour
  9073 | D:7      | Learned a level 2 spell: Wereblood
  9634 | D:8      | Found a staircase to the Lair.
  9905 | D:8      | Noticed Gastronok
  9916 | D:8      | Killed Gastronok
  9917 | D:8      | Reached skill level 9 in Unarmed Combat
  9917 | D:8      | Gained mutation: Your touch may irresistibly damage your
                  | foes and sap their willpower. [demonic ancestry]
  9917 | D:8      | Reached XP level 10. HP: 79/79 MP: 11/11
 10165 | D:9      | Found Koazafa's General Store.
 10481 | D:9      | HP: 3/80 [yak (14)]
 10496 | D:9      | Reached skill level 1 in Shields
 11335 | D:9      | Reached skill level 10 in Unarmed Combat
 12326 | D:10     | Entered Level 10 of the Dungeon
 12371 | D:10     | Noticed a two-headed ogre
 12409 | D:9      | Killed a two-headed ogre
 12410 | D:9      | Reached XP level 11. HP: 58/86 MP: 12/12
 13817 | Temple   | Entered the Ecumenical Temple
 13851 | Temple   | Fell from the grace of Ignis
 13851 | Temple   | Became a worshipper of Kikubaaqudgha
 16533 | D:11     | Noticed a green ugly thing
 16547 | D:11     | Killed a green ugly thing
 16548 | D:11     | Reached skill level 11 in Unarmed Combat
 16834 | D:11     | Found Tucaeram's Armour Emporium.
 17504 | Lair:1   | Entered Level 1 of the Lair of Beasts
 17859 | Lair:1   | Noticed an eight-headed hydra
 17870 | Lair:1   | Slain by an eight-headed hydra

Illustrated notes

Levels and vault maps discovered:
D:1:      onia_arrival_handbag, layout_basic
D:2:      layout_basic, kennysheep_generic_room_5
D:3:      layout_loops_corners, nicolae_uskayaw_dance_hall,
          wad_floor_pattern_untrapped
D:4:      gammafunk_cloud_chamber, layout_rooms,
          minmay_temple_entry_glassed_door, serial_shops,
          nicolae_shop_behind_doors, serial_rivers,
          chequers_serial_rivers_room_b, chequers_serial_rivers_micro_c,
          chequers_serial_rivers_micro_a, chequers_serial_rivers_marsh
D:5:      layout_gridville, guppyfry_early_lair_pool
D:6:      layout_loops_ring, hangedman_abyss_or_decor_lesser_grid,
          kennysheep_generic_room_9
D:7:      layout_loops_cross, nicolae_ossuary_entry_plus,
          kennysheep_generic_room_12
D:8:      layout_gridville, lair_entry_dummy, serial_rivers,
          chequers_serial_rivers_marsh, chequers_serial_rivers_room_a,
          chequers_serial_rivers_marsh, chequers_serial_rivers_large_b,
          chequers_serial_rivers_small_b, uniq_gastronok
D:9:      layout_basic, nicolae_stop_n_shop_2
D:10:     layout_roguey [special_room_orc]
D:11:     layout_rooms, serial_shops, shop
Temple:   nicolae_temple_the_god_donut
Lair:1:   layout_long_grid, grunt_forest_small_clearings, grunt_megastairs_4

Skill      XL: |  1  2  3  4  5  6  7  8  9 10 11 |
---------------+----------------------------------+-----
Unarmed Combat | 3 4 5 6 7 9 10 11 | 11.2
Dodging        | 1 2 3 4 6 7 |  7.5
Armour         | 1 2 3 4 6 7 |  7.5
Fighting       | 4 5 6 7 8 9 |  9.0
Shields        | 2 3 |  3.8
Spellcasting   | |  1.0
Fire Magic     | |  2.6

Action                   |  1- 3 |  4- 6 |  7- 9 | 10-12 || total
-------------------------+-------+-------+-------+-------++-------
Melee: Unarmed           |   153 |   132 |   261 |   501 ||  1047
       Punch             |     3 |     2 |     7 |     1 ||    13
       Touch             |    18 |    17 |    49 |    10 ||    94
Throw: Stone             |     7 |     6 |       |       ||    13
       Dart              |       |     7 |     1 |    18 ||    26
Invok: Foxfire Swarm     |     1 |     6 |     4 |       ||    11
Evoke: Wand              |       |       |    21 |    23 ||    44
       Phantom mirror    |       |       |       |     1 ||     1
  Use: Scroll            |       |    10 |     6 |     8 ||    24
       Potion            |       |       |       |    12 ||    12
 Stab: Paralysed         |       |       |       |     7 ||     7
Armor: Ring mail         |    56 |    35 |    72 |    48 ||   211
       Acid dragon scale |       |       |       |   153 ||   153
       Skin              |       |       |       |    59 ||    59
       Scale mail        |       |       |       |     1 ||     1
Dodge: Dodged            |    71 |    63 |   133 |   307 ||   574
Block: Buckler           |       |       |       |    94 ||    94

Table legend: (Time is in decaauts)
 A = Elapsed time spent in this place.
 B = Non-inter-level travel time spent in this place.
 C = Inter-level travel time spent in this place.
 D = Time resting spent in this place.
 E = Time spent auto-exploring this place.
 F = Levels seen in this place.
 G = Mean time per level.
                   A        B        C        D        E       F      G
               +--------+--------+--------+--------+--------+-----+--------+
         Total |  17783 |  17144 |    639 |   5286 |   9145 |  14 | 1270.2 |
       Dungeon |  16833 |  16219 |    614 |   5092 |   8675 |  11 | 1530.3 |
        Temple |     57 |     34 |     23 |      0 |     18 |   1 |   57.0 |
          Lair |    134 |    134 |      0 |     34 |     23 |   1 |  134.0 |
       Ossuary |    757 |    757 |      0 |    160 |    429 |   1 |  757.0 |
               +--------+--------+--------+--------+--------+-----+--------+

Top non-repeatable levels by time:
    D:10: 3072 daAuts
     D:9: 1927 daAuts
     D:8: 1686 daAuts
    D:11: 1585 daAuts
     D:2: 1435 daAuts
     D:5: 1357 daAuts
     D:7: 1286 daAuts
     D:1: 1187 daAuts
     D:3: 1154 daAuts
     D:6: 1151 daAuts
     D:4: 988 daAuts
 Ossuary: 757 daAuts
  Lair:1: 134 daAuts
  Temple: 57 daAuts
